AoeStats
← Gorlami

Nomad

509198685Analyzed
4v4 RM · 5d ago on Sep 25, 2026· 45m 57s· 8 players
Game mode
Random Map
Map size
231×231
Population
200
Speed
Normal
Resources
Standard
Victory
Conquest
Starting age
Dark Age
Ending age
Imperial Age
RankedLock teamsTeams togetherTeam positionsShared explorationLock speedFull tech treeHidden civsTurbo modeCheats
Victory
Defeat
🇨🇿 Wu · Czechia
1778
+14
🇨🇿 Mapuche · Czechia
1716
+16
🇨🇿 Japanese · Czechia
1704
+17
🇨🇿 Varangians · Czechia
1642
+18
🇦🇷 Celts · Argentina
1776
-19
🇦🇷 Malians · Argentina
1715
-16
🇦🇷 Burmese · Argentina
1695
-15
🇦🇷 Bengalis · Argentina
1694
-15
Lil Tic
5:31 Loom
14:33 Feudal Age
14:58 Fishing Lines
18:23 Castle Age
16:36 Double-Bit Axe
16:43 Gold Mining
17:07 Fletching
19:14 Bow Saw
19:40 Medium Warships
19:28 Bodkin Arrow
19:57 Gillnets
20:42 Forging
21:46 Wheelbarrow
22:42 Clinker Construction
23:51 Iron Casting
23:59 Careening
24:58 Ballistics
26:07 Hand Cart
29:33 Town Watch
31:43 Horse Collar
32:40 Town Patrol
35:49 Gold Shaft Mining
38:46 Imperial Age
37:11 Yasama
37:03 Guard Tower
36:54 Treadmill Crane
38:20 Masonry
39:31 Bracer
40:18 Heavy Warships
40:56 Chemistry
40:19 Carvel Hull
42:26 Shipwright
43:39 Dry Dock
43:31 Fortified Wall
43:17 Murder Holes
45:26 Conscription
44:31 Elite Cannon Galleon
46:32 Siege Engineers
Antymon
5:07 Loom
14:03 Feudal Age
17:42 Castle Age
15:29 Loom
15:42 Fishing Lines
18:38 Medium Warships
21:20 Fletching
22:02 Bodkin Arrow
25:42 Double-Bit Axe
33:16 Horse Collar
33:46 Padded Archer Armor
35:05 Bow Saw
35:43 Stone Mining
35:44 Gold Mining
36:01 Heavy Plow
38:01 Gold Shaft Mining
38:01 Stone Shaft Mining
39:30 Red Cliffs Tactics
43:13 Imperial Age
41:40 Ballistics
41:47 Masonry
43:27 Wheelbarrow
42:39 Town Watch
44:46 Bracer
45:17 Sitting Tiger
46:41 Chemistry
alesh
9:36 Loom
13:15 Feudal Age
16:52 Castle Age
15:45 Fletching
15:45 Double-Bit Axe
17:32 Fletching
18:50 Bodkin Arrow
23:35 Town Watch
25:06 Padded Archer Armor
25:57 Bow Saw
25:28 Horse Collar
25:36 Horse Collar
27:37 Ballistics
28:16 Wheelbarrow
32:46 Imperial Age
31:41 Heavy Plow
31:31 Gold Mining
31:32 Stone Mining
32:47 Leather Archer Armor
34:44 Gold Shaft Mining
36:43 Elite Bolas Rider
38:11 Malon
39:07 Butalmapu
40:21 Stone Shaft Mining
42:39 Chemistry
41:45 Siege Engineers
Voskarius
12:37 Loom
15:26 Feudal Age
16:11 Double-Bit Axe
18:52 Castle Age
16:48 Fishing Lines
17:07 Stone Mining
22:03 Scale Barding Armor
29:30 Bloodlines
32:18 Forging
34:40 Husbandry
34:43 Horse Collar
37:19 Wheelbarrow
41:22 Imperial Age
39:49 Chain Barding Armor
39:47 Bow Saw
41:11 Hand Cart
42:52 Plate Barding Armor
44:17 Iron Casting
Gorlami
4:46 Loom
12:45 Feudal Age
16:48 Castle Age
15:11 Double-Bit Axe
17:30 Fletching
17:54 Medium Warships
17:57 Bow Saw
19:11 Bodkin Arrow
20:50 Fishing Lines
21:27 Horse Collar
23:15 Forging
26:24 Ballistics
29:03 Careening
38:31 Imperial Age
36:20 Scale Mail Armor
39:38 Heavy Warships
39:30 Onager
40:17 Gold Mining
43:39 Forging
B.R Matias
12:52 Feudal Age
12:52 Loom
16:32 Castle Age
16:35 Loom
18:18 Horse Collar
20:56 Padded Archer Armor
27:17 Husbandry
28:15 Bloodlines
37:31 Imperial Age
35:38 Wheelbarrow
36:21 Heavy Plow
37:43 Ballistics
37:33 Masonry
39:07 Conscription
38:24 Elite Arambai
42:16 Chemistry
MUERE CACA
11:26 Loom
13:29 Feudal Age
17:10 Castle Age
15:33 Fishing Lines
16:04 Double-Bit Axe
17:33 Gold Mining
18:08 Medium Warships
18:42 Bow Saw
19:35 Forging
20:15 Fletching
32:25 Town Watch
33:16 Wheelbarrow
35:24 Horse Collar
40:41 Imperial Age
38:49 Bodkin Arrow
39:41 Padded Archer Armor
41:00 Leather Archer Armor
41:02 Hand Cart
40:13 Elite Skirmisher
41:24 Bracer
42:45 Ring Archer Armor
44:19 Ballistics
45:00 Chemistry
Lic. VELEZ Y VINO
4:36 Loom
4:39 Loom
13:23 Feudal Age
17:00 Castle Age
16:26 Double-Bit Axe
17:05 Fishing Lines
18:16 Bow Saw
25:19 Scale Mail Armor
32:25 Squires
36:04 Forging
43:27 Fervor
43:38 Sanctity
44:04 Wheelbarrow
Connection lost

Rejoining the realm…

Still unreachable

The connection could not be restored.

Session expired

The server has moved on; the page needs a fresh start.